 Dungeon Crawl Stone Soup version 0.24.1 (webtiles) character file.

Game seed: 8823495574894152107, levelgen mode: deterministic

393 H0rd4k the Charlatan (level 7, 0/51 HPs)
             Began as a Human Artificer on Mar 25, 2020.
             Slain by Menkaure (8 damage)
             ... on level 4 of the Dungeon.
             The game lasted 00:06:04 (4082 turns).

H0rd4k the Charlatan (Human Artificer)              Turns: 4082, Time: 00:06:04

Health: 0/51       AC:  3    Str: 15    XL:     7   Next: 8%
Magic:  10/10      EV: 13    Int: 11    God:
Gold:   219        SH:  0    Dex: 13    Spells: 6/6 levels left

rFire    . . .     SeeInvis .   a - +0 short sword
rCold    . . .     Gourm    .   (no shield)
rNeg     . . .     Faith    .   b - +0 leather armour
rPois    .         Spirit   .   (no helmet)
rElec    .         Reflect  .   (no cloak)
rCorr    .         Harm     .   (no gloves)
MR       .....                  (no boots)
Stlth    ++........             j - amulet of the acrobat
HPRegen  0.17/turn              y - ring of flight
MPRegen  0.12/turn              (no ring)

@: no status effects
A: no striking features
a: Evoke Flight


You were on level 4 of the Dungeon.
You were not hungry.

You visited 1 branch of the dungeon, and saw 4 of its levels.

You collected 219 gold pieces.

Inventory:

Hand Weapons
 a - a +0 short sword (weapon)
Missiles
 n - 23 poisoned darts (quivered)
Armour
 b - a +0 leather armour (worn)
 k - a +2 pair of gloves
Jewellery
 j - an amulet of the acrobat (around neck)
 y - a ring of flight (left hand)
Wands
 d - a wand of enslavement (7)
 e - a wand of random effects (18)
Scrolls
 g - 6 scrolls of remove curse {unknown}
 i - a scroll of teleportation {unknown}
 l - a scroll of enchant armour {unknown}
 p - a scroll of fear {unknown}
 q - 4 scrolls of identify {unknown}
 u - a scroll of fog {unknown}
 v - a scroll of noise {unknown}
 x - a scroll of enchant weapon {unknown}
Potions
 h - a potion of degeneration {unknown}
 m - 2 potions of ambrosia {unknown}
 o - a potion of resistance {unknown}
 r - a potion of haste {unknown}
 s - 2 potions of curing
 t - a potion of brilliance {unknown}
 w - 2 potions of heal wounds {unknown}
Comestibles
 f - 7 rations


   Skills:
 + Level 2.4 Fighting
 + Level 3.6 Short Blades
 + Level 2.5 Armour
 + Level 3.4 Dodging
 + Level 1.9 Stealth
 + Level 4.0 Evocations


You had 6 spell levels left.
You didn't know any spells.
Your spell library was empty.

Dungeon Overview and Level Annotations

Branches:
Dungeon (4/15)
 Temple: D:4-7

Altars:

Annotations:
D:1 exclusion: downstairs
D:3 exclusion: downstairs
D:4 Menkaure


Message History

Menkaure is moderately damaged.
You hit Menkaure.
Menkaure is heavily damaged.
Menkaure barely misses you.
You barely miss Menkaure.
Menkaure is heavily damaged.
Menkaure calls on the powers of darkness!
Your body is wracked with pain!
The jackal convulses!
You hit Menkaure.
Menkaure is severely damaged.
Menkaure mumbles some strange words.
Menkaure seems to speed up.
You hit Menkaure.
Menkaure is severely damaged.
Menkaure hits you!!
* * * LOW HITPOINT WARNING * * *
You hit Menkaure.
Menkaure is severely damaged.
Menkaure hits you!
You die...

### ..# ###.# ### #....
... #.#.##### #.
#.#.#... .
.#######.#.#.######.####
.....hM@..............).
.###.###.#.#.######.####
#.#.#.# #.#.#.######
#.#.#.#....# ##
#.#.#.#.#..# #.
#.#.#<.....# #.
#.#.#.#.##.# #. #.#....#
#.


You could see Menkaure and a jackal.

Vanquished Creatures
  An orc warrior (D:2)
  2 orc priests
  2 orc wizards (D:4)
  3 gnolls (D:2)
  2 adders (D:3)
  An ooze (D:3)
  A worm (D:3)
  3 dart slugs
  3 leopard geckos
  6 orcs
  2 ball pythons
  3 giant cockroaches
  7 hobgoblins
  5 jackals
  2 quokkas
  11 bats
  5 frilled lizards
  5 goblins
  9 kobolds
  14 rats
87 creatures vanquished.

Vanquished Creatures (collateral kills)
  An orc priest (D:2)
  5 orcs
  5 goblins
  A kobold (D:3)
  2 bats (D:3)
  2 frilled lizards (D:3)
16 creatures vanquished.

Vanquished Creatures (others)
  An orc wizard (D:4)
  A worker ant (D:4)
  A gnoll (D:2)
  An adder (D:3)
  2 orcs (D:3)
6 creatures vanquished.

Grand Total: 109 creatures vanquished

Notes
Turn   | Place    | Note
-------+----------+-------------------------------------------
     0 | D:1      | H0rd4k the Human Artificer began the quest for the Orb.
     0 | D:1      | Reached XP level 1. HP: 15/15 MP: 3/3
   324 | D:1      | Reached XP level 2. HP: 17/21 MP: 4/4
   981 | D:2      | Noticed an orc warrior
  1069 | D:2      | Reached XP level 3. HP: 24/26 MP: 5/5
  1122 | D:2      | Reached skill level 1 in Armour
  1122 | D:2      | Reached XP level 4. HP: 16/32 MP: 6/6
  1453 | D:2      | Killed an orc warrior
  1453 | D:2      | Reached XP level 5. HP: 36/38 MP: 7/7
  1489 | D:2      | Found a faded altar of an unknown god.
  2425 | D:3      | Reached XP level 6. HP: 44/44 MP: 8/8
  3786 | D:4      | Reached skill level 4 in Evocations
  3797 | D:4      | Reached XP level 7. HP: 24/51 MP: 10/10
  4071 | D:4      | Noticed Menkaure
  4082 | D:4      | Slain by Menkaure

Levels and vault maps discovered:
D:1:      elethiomel_arrival_fortress_basement, layout_loops_ring, st_stairs_8
D:2:      layout_rooms, chequers_ecumenical_altar_island
D:3:      minmay_razor_zed, layout_loops_corners
D:4:      layout_basic, first_ration, uniq_menkaure

Skill      XL: |  1  2  3  4  5  6 |
---------------+-------------------+-----
Armour         | 1 2 |  2.5
Short Blades   | 2 3 |  3.6
Fighting       | 2 |  2.4
Dodging        | 3 |  3.4
Evocations     | 4 |  4.0
Stealth        | |  1.9

Action                   |  1- 3 |  4- 6 |  7- 9 || total
-------------------------+-------+-------+-------++-------
Melee: Short sword       |    97 |   250 |    14 ||   361
Evoke: Wand              |     6 |    29 |     2 ||    37
 Stab: Sleeping          |     1 |     5 |     1 ||     7
       Confused          |     2 |       |       ||     2
  Eat: Chunk             |       |     9 |     1 ||    10
Armor: Leather armour    |    25 |    51 |       ||    76
Dodge: Dodged            |    70 |   174 |     7 ||   251
